 Dungeon Crawl Stone Soup version 0.24.0-123-gd5b16e6ec5 (webtiles) character file.

Game seed: 18347662513548038061, levelgen mode: deterministic

258264 Hybris the Thaumaturge (level 19, -10/148 HPs)
             Began as a Gnoll Wizard on Dec 27, 2019.
             Was the Champion of Vehumet.
             Mangled by a harpy (24 damage)
             ... on level 2 of the Vaults on Dec 29, 2019.
             The game lasted 04:13:40 (52467 turns).

Hybris the Thaumaturge (Gnoll Wizard)              Turns: 52467, Time: 04:13:41

Health: -10/148    AC: 18    Str: 14    XL:     19   Next: 86%
Magic:  14/46      EV: 21    Int: 30    God:    Vehumet [******]
Gold:   3463       SH: 18    Dex: 15    Spells: 17/46 levels left

rFire    + . .     SeeInvis .   V - +2 eveningstar (freeze)
rCold    + . .     Gourm    .   i - +2 shield {rC+}
rNeg     + + .     Faith    .   Z - +0 steam dragon scales
rPois    .         Spirit   .   B - +2 helmet
rElec    .         Reflect  +   W - +1 cloak of Loss {rN++ MR+ Int+4}
rCorr    .         Harm     .   e - +1 pair of gloves {Str+3}
MR       ++...                  Q - +0 pair of boots
Stlth    +++++.....             T - +4 amulet of reflection
HPRegen  0.34/turn              R - ring of magical power
MPRegen  0.30/turn              s - ring of protection from fire

@: marked
A: distributed training, fangs 1, strong nose
}: 2/15 runes: decaying, gossamer
a: Renounce Religion


You were on level 2 of the Vaults.
You worshipped Vehumet.
Vehumet was exalted by your worship.
You were not hungry.

You visited 7 branches of the dungeon, and saw 34 of its levels.
You also visited: Volcano.

You collected 3463 gold pieces.

Inventory:

Hand Weapons
 V - a +2 eveningstar of freezing (weapon)
Missiles
 l - 95 poisoned darts (quivered)
 t - 21 atropa-tipped darts
 G - 23 curare-tipped darts
Armour
 e - a +1 pair of gloves of strength (worn)
 i - a +2 shield of cold resistance (worn)
 u - a +0 shield of reflection
 B - a +2 helmet (worn)
 Q - a +0 pair of boots (worn)
 W - the +1 cloak of Loss (worn) {rN++ MR+ Int+4}
   (You found it on level 12 of the Dungeon)

   It affects your intelligence (+4).
   It greatly protects you from negative energy.
   It affects your resistance to hostile enchantments.
 Z - +0 steam dragon scales (worn)
Jewellery
 a - an uncursed ring of see invisible
 s - a ring of protection from fire (right hand)
 H - an uncursed ring of protection from cold
 R - a ring of magical power (left hand)
 T - a +4 amulet of reflection (around neck)
 Y - an uncursed ring of resist corrosion
Wands
 f - a wand of enslavement (10)
 j - a wand of clouds (3)
 r - a wand of iceblast (22)
 v - a wand of paralysis (15)
 x - a wand of acid (29)
 N - a wand of scattershot (2)
 P - a wand of flame (101)
Scrolls
 c - 3 scrolls of blinking
 g - 6 scrolls of teleportation
 h - 3 scrolls of identify
 p - a scroll of holy word
 y - 2 scrolls of enchant weapon
 D - 15 scrolls of remove curse
 E - 2 scrolls of magic mapping
 I - 4 scrolls of fog
 K - 3 scrolls of silence
 L - 2 scrolls of summoning
 M - 4 scrolls of fear
Potions
 b - 8 potions of brilliance
 k - 9 potions of heal wounds
 m - 13 potions of curing
 n - 5 potions of haste
 o - 5 potions of magic
 z - 3 potions of resistance
 A - 6 potions of might
 C - 7 potions of flight
 J - 2 potions of invisibility
 O - 2 potions of cancellation
 S - 3 potions of agility
Miscellaneous
 w - a box of beasts
 U - a lightning rod (4/4)
Comestibles
 d - 74 rations
 q - 2 chunks of flesh


   Skills:
 + Level 12.8 Fighting
 + Level 12.8 Short Blades
 + Level 12.8 Long Blades
 + Level 12.8 Axes
 + Level 12.8 Maces & Flails
 + Level 12.8 Polearms
 + Level 12.8 Staves
 + Level 12.8 Slings
 + Level 12.8 Bows
 + Level 12.8 Crossbows
 + Level 12.8 Throwing
 + Level 12.8 Armour
 + Level 13.5 Dodging
 + Level 13.4 Stealth
 + Level 12.8 Shields
 + Level 12.8 Unarmed Combat
 + Level 14.3 Spellcasting
 + Level 11.2 Conjurations
 + Level 11.0 Hexes
 + Level 11.0 Charms
 + Level 11.2 Summonings
 + Level 11.0 Necromancy
 + Level 11.2 Translocations
 + Level 11.0 Transmutations
 + Level 11.0 Fire Magic
 + Level 11.0 Ice Magic
 + Level 11.0 Air Magic
 + Level 11.0 Earth Magic
 + Level 11.0 Poison Magic
 + Level 13.8 Invocations
 + Level 12.8 Evocations


You had 17 spell levels left.
You knew the following spells:

 Your Spells              Type           Power        Failure   Level  Hunger
a - Throw Icicle          Conj/Ice       ######..     1%          4    None
b - Blink                 Tloc           N/A          1%          2    None
e - Mephitic Cloud        Conj/Pois/Air  ######..     1%          3    None
f - Fireball              Conj/Fire      ######....   1%          5    None
h - Olgreb's Toxic Radia  Pois           ######..     1%          4    None
i - Lee's Rapid Deconstr  Erth           ######....   1%          5    None
j - Iron Shot             Conj/Erth      ######....   1%          6    ###....

Your spell library contained the following spells:

 Spells                   Type           Power        Failure   Level  Hunger
 Lehudib's Crystal Spear  Conj/Erth      ######....   43%         8    ######.
 Shatter                  Erth           ######....   99%         9    #######
 Tornado                  Air            ######....   99%         9    #######
 Beastly Appendage        Tmut           ######       1%          1    None
 Confusing Touch          Hex            ######       1%          1    None
 Corona                   Hex            ######.      1%          1    None
 Freeze                   Ice            ####         1%          1    None
 Magic Dart               Conj           ####         1%          1    None
 Sandblast                Erth           ######       1%          1    None
 Sting                    Conj/Pois      ####         1%          1    None
 Call Imp                 Summ           ######..     1%          2    None
 Ensorcelled Hibernation  Hex/Ice        ######       1%          2    None
 Passwall                 Tmut/Erth      ######..     1%          2    None
 Poisonous Vapours        Pois/Air       ######       1%          2    None
 Searing Ray              Conj           ######       1%          2    None
 Slow                     Hex            ######..     1%          2    None
 Throw Frost              Conj/Ice       ######       1%          2    None
 Confuse                  Hex            ######..     1%          3    None
 Conjure Flame            Conj/Fire      ######..     1%          3    None
 Dazzling Spray           Conj/Hex       ######       1%          3    None
 Gell's Gravitas          Tloc           ######....   1%          3    None
 Ozocubu's Armour         Chrm/Ice       ######..     1%          3    None
 Stone Arrow              Conj/Erth      ######       1%          3    None
 Tukima's Dance           Hex            ######..     1%          3    None
 Force Lance              Conj/Tloc      ######..     1%          4    None
 Fulminant Prism          Conj/Hex       ######....   1%          4    None
 Ice Form                 Ice/Tmut       ######..     1%          4    None
 Iskenderun's Mystic Bla  Conj           ######..     1%          4    None
 Petrify                  Tmut/Erth      ######..     1%          4    None
 Summon Ice Beast         Ice/Summ       ######..     1%          4    None
 Metabolic Englaciation   Hex/Ice        ######....   1%          5    None
 Venom Bolt               Conj/Pois      ######....   1%          5    None
 Yara's Violent Unravell  Hex/Tmut       ######....   1%          5    None
 Bolt of Cold             Conj/Ice       ######....   1%          6    ###....
 Freezing Cloud           Conj/Ice/Air   ######....   1%          6    ###....
 Ozocubu's Refrigeration  Ice            ######....   1%          6    ###....
 Hydra Form               Tmut           ######....   4%          6    ###....
 Simulacrum               Ice/Necr       ######....   4%          6    ###....
 Statue Form              Tmut/Erth      ######...    4%          6    ###....
 Ring of Flames           Chrm/Fire      ######....   26%         7    #####..


Dungeon Overview and Level Annotations

Branches:
Dungeon (15/15)            Temple (1/1) D:4            Lair (6/6) D:9
  Swamp (4/4) Lair:2       Spider (4/4) Lair:2        Slime (0/5) Lair:6
    Orc (2/2) D:12            Elf (0/3) Orc:2        Vaults (2/5) D:13
 Depths (0/5) D:15        Volcano (visited)
  Crypt: Vaults:2-3

Altars:
Ashenzari
Cheibriados
Dithmenos
Elyvilon
Fedhas
Gozag
Hepliaklqana
Kikubaaqudgha
Makhleb
Nemelex Xobeh
Okawaru
Qazlal
Ru
Sif Muna
Trog
Uskayaw
Vehumet
Wu Jian
Xom
Yredelemnul
Zin
The Shining One
Beogh

Shops:
D:9 (   D:10 [   D:12 *   D:15 }   Orc:2 :}::[   Vaults:1 %

Portals:
Hell: Lair:6

Annotations:
Spider:4 Peloso's ghost, adept MiFi


Innate Abilities, Weirdness & Mutations

Your experience applies equally to all skills.
You have very sharp teeth.
Your uncanny sense of smell can sniff out nearby items.


Message History

The harpy claws you but does no damage. You block the harpy's attack.
You block the harpy's attack. The harpy barely misses you.
You block the harpy's attack. x2
The ironbrand convoker points at the harpy and mumbles some strange words.
The harpy seems to grow stronger.
Your surroundings suddenly seem different.
You start resting.
The harpy is too close now for your liking.
You puncture the harpy! You freeze the harpy.
The harpy is moderately wounded.
You block the harpy's attack. x3; The harpy claws you!
* * * LOW HITPOINT WARNING * * *
You sock the harpy! You freeze the harpy. You bite the harpy, but do no damage.
The harpy is severely wounded.
You block the harpy's attack. The harpy barely misses you. x2
You block the harpy's attack.
You barely miss the harpy. Your bite misses the harpy.
The harpy is severely wounded.
You block the harpy's attack. x2; The harpy claws you!!
You die...

..........#
.........# #.......#
#.......# #......(#
#.......# ∆ #.......#
#....H.(# ∆ #....@.)#
#.......# #...)..)#
#.......# #.......#
#.......#
############.......#∆
...................#
∆
...................+


You could see a harpy.

Vanquished Creatures
  Nikola (Spider:4)
  Rupert (D:12)
  Agnes (Spider:3)
  A thorn hunter (Swamp:3)
  Donald (Vaults:1)
  Roxanne (Spider:1)
  Aizul (Swamp:4)
  Louise (Swamp:2)
  5 vault wardens
  4 emperor scorpions
  3 ghost moths (Spider:4)
  4 stone giants
  3 entropy weavers
  Nessos (D:13)
  Azrael (D:14)
  A deep elf annihilator (D:13)
  2 spark wasps (Spider:4)
  2 fire dragons
  Josephine (Lair:5)
  3 ogre magi
  3 rakshasas
  4 yaktaur captains
  Harold (D:7)
  23 hydras
  Erolcha (D:13)
  2 vault guards
  2 ghost crabs
  4 shambling mangroves
  10 alligators
  A death knight (Vaults:2)
  8 two-headed ogres
  Erica (D:8)
  2 centaur warriors
  A queen ant (Lair:5)
  A tengu warrior (D:14)
  12 death yaks
  4 deep elf knights
  Nergalle (Orc:1)
  Sonja (D:11)
  5 skeletal warriors
  A sixfirhy (Lair:6)
  5 spriggan druids
  3 unseen horrors
  3 deep elf archers
  2 glowing orange brains
  A deep troll (D:13)
  9 swamp dragons
  A flayed ghost (Vaults:1)
  2 harpies (Vaults:2)
  6 orc knights
  4 lindwurms
  7 deep elf magi
  7 ironbrand convokers
  18 orb spiders
  A wizard (Lair:6)
  21 wolf spiders
  Pikel (D:9)
  5 oklob plants
  20 ugly things
  6 cyclopes
  9 orc sorcerers
  A salamander (shapeshifter) (Vaults:2)
  A moth of wrath (Spider:4)
  A manticore (D:14)
  4 black mambas
  Maurice (D:9)
  20 elephants
  5 vault sentinels
  Psyche (D:8)
  A smoke demon (Lair:6)
  2 torpor snails (Lair:6)
  A water nymph (shapeshifter) (D:15)
  3 gargoyles
  19 spiny frogs
  4 orange demons
  8 yaktaurs
  13 komodo dragons
  11 rime drakes
  15 demonic crawlers
  An efreet (Volcano)
  A queen bee (Lair:5)
  2 ice devils (Lair:6)
  4 polar bears
  8 tyrant leeches
  4 red devils
  6 trolls
  A jumping spider (shapeshifter) (D:15)
  29 jumping spiders
  3 meliai (Lair:5)
  15 hornets
  10 bog bodies
  7 hippogriffs
  A stone giant simulacrum (Vaults:1)
  A meliai zombie (D:11)
  24 slime creatures
  Prince Ribbit (D:8)
  26 blink frogs
  A fire giant simulacrum (Vaults:1)
  Sigmund (D:4)
  28 tarantellas
  2 spriggans
  6 shadows
  75 redbacks
  A wyvern (shapeshifter) (Vaults:2)
  8 wraiths
  A vampire (D:9)
  3 wyverns
  2 fire elementals (Volcano)
  A fire bat (shapeshifter) (Vaults:2)
  A yak (shapeshifter) (Vaults:2)
  3 hogs (D:7)
  29 yaks
  A basilisk (Lair:1)
  A human (D:7)
  2 hungry ghosts
  9 steam dragons
  10 vampire mosquitoes
  8 wargs
  5 soldier ants (Lair:6)
  An acid dragon (shapeshifter) (D:15)
  3 acid dragons
  8 hell hounds
  11 insubstantial wisps
  15 swamp worms
  13 water moccasins
  Duvessa (D:4)
  13 porcupines
  4 black bears
  3 slaves (D:9)
  3 eyes of draining (D:4)
  31 orc warriors
  2 ice beasts
  2 phantoms
  A sky beast (D:13)
  8 swamp drakes
  A black bear (shapeshifter) (Vaults:1)
  6 necrophages
  17 ogres
  10 boggarts
  23 wolves
  20 centaurs
  13 crocodiles
  2 big kobolds
  17 bullfrogs
  2 earth elementals (Volcano)
  A wyvern zombie (D:9)
  A gnoll sergeant (D:12)
  5 scorpions
  An orc simulacrum (Vaults:2)
  Dowan (D:4)
  30 killer bees
  5 wights (D:11)
  5 electric eels
  A howler monkey (D:11)
  6 crimson imps
  A quasit (D:10)
  3 bullfrog zombies
  18 jellies
  19 orc priests
  7 hounds
  6 iguanas
  3 bullfrog skeletons
  4 centaur skeletons
  Natasha (thrice) (D:3)
  48 orc wizards
  19 worker ants
  A hound zombie (D:9)
  A hound skeleton (D:7)
  2 howler monkey zombies
  Robin (D:4)
  15 gnolls
  A howler monkey skeleton (D:5)
  11 adders
  6 shadow imps
  12 oozes
  An adder zombie (D:9)
  An adder skeleton (D:9)
  5 worms
  2 dart slugs (D:1)
  7 leopard geckos
  118 orcs
  8 bats
  A giant cockroach (D:3)
  15 goblins
  4 hobgoblins
  12 jackals
  22 kobolds
  6 quokkas
  2 ball pythons
  5 frilled lizards
  A leopard gecko skeleton (D:9)
  A quokka zombie (D:7)
  4 rats
  A bush (D:7)
  A fungus (Lair:2)
  2 plants (Lair:4)
1396 creatures vanquished.

Vanquished Creatures (collateral kills)
  An emperor scorpion (Spider:4)
  A hydra (Swamp:1)
  A killer bee (Lair:4)
3 creatures vanquished.

Vanquished Creatures (others)
  2 yaktaur captains
  A deep elf archer (Vaults:1)
  A cyclops (D:14)
  3 slime creatures (Swamp:1)
  A yaktaur (Vaults:2)
  A demonic crawler (Spider:1)
  A hornet (Swamp:1)
  A troll (D:9)
  A redback (Spider:4)
  2 spriggans
  A shadow imp (D:8)
  2 briar patches (Swamp:3)
  10 fungi
  13 plants
  5 toadstools (D:4)
45 creatures vanquished.

Grand Total: 1444 creatures vanquished

Notes
Turn   | Place    | Note
-------+----------+-------------------------------------------
     0 | D:1      | Hybris the Gnoll Wizard began the quest for the Orb.
     0 | D:1      | Reached XP level 1. HP: 13/13 MP: 8/8
    20 | D:1      | Reached XP level 2. HP: 5/20 MP: 1/10
    93 | D:1      | Learned a level 2 spell: Blink
   644 | D:1      | Reached XP level 3. HP: 20/25 MP: 11/11
  1014 | D:2      | Found an iron altar of Okawaru.
  1069 | D:2      | Reached skill level 1 in Invocations
  1140 | D:2      | Reached skill level 1 in Fighting
  1140 | D:2      | Reached skill level 1 in Short Blades
  1140 | D:2      | Reached skill level 1 in Long Blades
  1140 | D:2      | Reached skill level 1 in Axes
  1140 | D:2      | Reached skill level 1 in Maces & Flails
  1140 | D:2      | Reached skill level 1 in Polearms
  1140 | D:2      | Reached skill level 1 in Staves
  1140 | D:2      | Reached skill level 1 in Slings
  1140 | D:2      | Reached skill level 1 in Bows
  1140 | D:2      | Reached skill level 1 in Crossbows
  1140 | D:2      | Reached skill level 1 in Throwing
  1140 | D:2      | Reached skill level 1 in Armour
  1140 | D:2      | Reached skill level 1 in Shields
  1140 | D:2      | Reached skill level 1 in Unarmed Combat
  1140 | D:2      | Reached skill level 1 in Evocations
  1160 | D:2      | Reached XP level 4. HP: 32/32 MP: 2/13
  1180 | D:2      | Learned a level 3 spell: Conjure Flame
  1184 | D:2      | Learned a level 3 spell: Mephitic Cloud
  1422 | D:2      | Found an ornate altar of the Wu Jian Council.
  1691 | D:3      | Found a sacrificial altar of Ru.
  1774 | D:3      | Reached skill level 1 in Hexes
  1774 | D:3      | Reached skill level 1 in Charms
  1774 | D:3      | Reached skill level 1 in Necromancy
  1774 | D:3      | Reached skill level 1 in Transmutations
  1774 | D:3      | Reached skill level 1 in Fire Magic
  1774 | D:3      | Reached skill level 1 in Ice Magic
  1774 | D:3      | Reached skill level 1 in Air Magic
  1774 | D:3      | Reached skill level 1 in Earth Magic
  1774 | D:3      | Reached skill level 1 in Poison Magic
  1781 | D:3      | Found a burning altar of Makhleb.
  1781 | D:3      | Found a glowing silver altar of Zin.
  1830 | D:3      | Reached XP level 5. HP: 9/37 MP: 2/14
  2325 | D:3      | Found a hazy altar of Hepliaklqana.
  2396 | D:3      | Found a shadowy altar of Dithmenos.
  2563 | D:3      | Noticed Natasha
  2570 | D:3      | Killed Natasha
  2659 | D:3      | Noticed Natasha
  2667 | D:3      | Killed Natasha
  2741 | D:3      | Noticed Natasha
  2746 | D:3      | Killed Natasha
  2779 | D:4      | Noticed an ogre
  2794 | D:3      | Killed an ogre
  2794 | D:3      | Reached XP level 6. HP: 35/44 MP: 4/16
  2870 | D:4      | Reached skill level 5 in Dodging
  2871 | D:4      | Noticed an eye of draining
  2873 | D:4      | Noticed an eye of draining
  2883 | D:4      | Killed an eye of draining
  2883 | D:4      | Reached XP level 7. HP: 50/50 MP: 0/18
  3127 | D:4      | Found a bloodstained altar of Trog.
  3297 | D:4      | You fall into a shaft and drop 1 floor!
  3297 | D:5      | Entered Level 5 of the Dungeon
  3336 | D:5      | Reached skill level 5 in Stealth
  3558 | D:4      | Noticed Robin
  3737 | D:4      | Killed Robin
  3841 | D:4      | Found a white marble altar of Elyvilon.
  3889 | D:4      | Identified the cursed +1 mace "Hocaj" {antimagic, rN++
                  | Str+5 Int-4}
  3893 | D:4      | Noticed Duvessa
  3893 | D:4      | Noticed Dowan
  3913 | D:4      | Killed Dowan
  3913 | D:4      | Reached XP level 8. HP: 39/57 MP: 13/19
  3916 | D:4      | Killed Duvessa
  3979 | D:4      | Found a staircase to the Ecumenical Temple.
  3983 | Temple   | Entered the Ecumenical Temple
  4081 | Temple   | Became a worshipper of Vehumet
  4104 | D:4      | Identified the +2 rapier of Oenomania {antimagic, rC+ MR+}
  4259 | D:4      | Found a stormy altar of Qazlal.
  4304 | D:4      | Noticed Sigmund
  4360 | D:4      | Killed Sigmund
  4510 | D:4      | Reached * piety under Vehumet
  4510 | D:4      | Offered knowledge of Sandblast by Vehumet.
  4592 | D:4      | Reached skill level 8 in Spellcasting
  5108 | D:5      | Reached XP level 9. HP: 65/65 MP: 5/21
  5265 | D:5      | Reached ** piety under Vehumet
  5265 | D:5      | Offered knowledge of Sting by Vehumet.
  5945 | D:6      | Found an iron altar of Okawaru.
  6324 | D:6      | Found a shimmering blue altar of Sif Muna.
  6444 | D:6      | Offered knowledge of Throw Flame by Vehumet.
  6605 | D:7      | Found a blossoming altar of Fedhas.
  6857 | D:7      | Reached *** piety under Vehumet
  7003 | D:7      | Found an ancient bone altar of Kikubaaqudgha.
  7004 | D:7      | Found a shimmering altar of Xom.
  7391 | D:7      | Reached skill level 5 in Invocations
  7421 | D:7      | Offered knowledge of Olgreb's Toxic Radiance by Vehumet.
  7433 | D:7      | Learned a level 4 spell: Olgreb's Toxic Radiance
  7511 | D:7      | Reached XP level 10. HP: 61/73 MP: 22/22
  7813 | D:7      | Reached skill level 5 in Fighting
  7813 | D:7      | Reached skill level 5 in Short Blades
  7813 | D:7      | Reached skill level 5 in Long Blades
  7813 | D:7      | Reached skill level 5 in Axes
  7813 | D:7      | Reached skill level 5 in Maces & Flails
  7813 | D:7      | Reached skill level 5 in Polearms
  7813 | D:7      | Reached skill level 5 in Staves
  7813 | D:7      | Reached skill level 5 in Slings
  7813 | D:7      | Reached skill level 5 in Bows
  7813 | D:7      | Reached skill level 5 in Crossbows
  7813 | D:7      | Reached skill level 5 in Throwing
  7813 | D:7      | Reached skill level 5 in Armour
  7813 | D:7      | Reached skill level 5 in Shields
  7813 | D:7      | Reached skill level 5 in Unarmed Combat
  7813 | D:7      | Reached skill level 5 in Evocations
  7954 | D:8      | Noticed Erica
  8238 | D:8      | Noticed Harold
  8368 | D:7      | Killed Harold
  8368 | D:7      | Reached skill level 9 in Spellcasting
  8587 | D:8      | Found an ornate altar of the Wu Jian Council.
  8613 | D:8      | Killed Erica
  8613 | D:8      | Reached skill level 5 in Conjurations
  8613 | D:8      | Reached skill level 5 in Summonings
  8613 | D:8      | Reached skill level 5 in Translocations
  8646 | D:8      | Noticed a two-headed ogre
  8686 | D:7      | Reached **** piety under Vehumet
  8794 | D:8      | Got a fine robe
  8805 | D:8      | Identified the +2 robe of Day {*Corrode *Drain Int+4 Dex+5}
                  | (You found it on level 8 of the Dungeon)
  8820 | D:8      | Killed a two-headed ogre
  8820 | D:8      | Reached XP level 11. HP: 59/81 MP: 16/24
  8947 | D:8      | Noticed Psyche
  8966 | D:8      | Killed Psyche
  8980 | D:8      | Offered knowledge of Lee's Rapid Deconstruction by Vehumet.
  8990 | D:8      | Learned a level 5 spell: Lee's Rapid Deconstruction
  9147 | D:8      | Noticed Prince Ribbit
  9162 | D:8      | Killed Prince Ribbit
  9567 | D:9      | Noticed a two-headed ogre
  9580 | D:9      | Killed a two-headed ogre
  9580 | D:9      | Reached skill level 5 in Hexes
  9580 | D:9      | Reached skill level 5 in Charms
  9580 | D:9      | Reached skill level 5 in Necromancy
  9580 | D:9      | Reached skill level 5 in Transmutations
  9580 | D:9      | Reached skill level 5 in Fire Magic
  9580 | D:9      | Reached skill level 5 in Ice Magic
  9580 | D:9      | Reached skill level 5 in Air Magic
  9580 | D:9      | Reached skill level 5 in Earth Magic
  9580 | D:9      | Reached skill level 5 in Poison Magic
 10075 | D:9      | Found a staircase to the Lair.
 10221 | D:9      | Found a shattered altar of Ashenzari.
 10223 | D:9      | Noticed Maurice
 10228 | D:9      | Noticed Pikel
 10229 | D:9      | Learned a level 4 spell: Throw Icicle
 10234 | D:9      | Learned a level 4 spell: Summon Ice Beast
 10320 | D:9      | Killed Pikel
 10321 | D:9      | Killed Maurice
 10467 | D:9      | Found Cameysic's Weapon Emporium.
 10773 | D:10     | Entered Level 10 of the Dungeon
 10957 | D:10     | Found Poenan's Antique Armour Shop.
 10957 | D:10     | Noticed a brown ugly thing
 10967 | D:10     | Killed a brown ugly thing
 11006 | D:10     | Reached ***** piety under Vehumet
 11056 | D:10     | Offered knowledge of Freezing Cloud by Vehumet.
 11125 | D:10     | Got a shimmering robe
 11243 | D:10     | Identified the cursed +0 robe of the Garden {Int+2 Stlth+}
                  | (You found it on level 10 of the Dungeon)
 11709 | D:11     | Noticed Sonja
 11807 | D:11     | Killed an unseen horror
 11821 | D:11     | Killed Sonja
 11821 | D:11     | Reached XP level 12. HP: 71/89 MP: 16/25
 12294 | D:11     | Noticed a two-headed ogre
 12319 | D:11     | Killed a two-headed ogre
 12319 | D:11     | Reached skill level 10 in Spellcasting
 13120 | Lair:1   | Entered Level 1 of the Lair of Beasts
 13497 | Lair:1   | Noticed a five-headed hydra
 13638 | D:9      | Killed a five-headed hydra
 14457 | Lair:2   | Found a hole to the Spider Nest.
 14489 | Lair:2   | Reached XP level 13. HP: 59/98 MP: 6/27
 14637 | Lair:2   | Offered knowledge of Fireball by Vehumet.
 14678 | Lair:2   | Learned a level 5 spell: Fireball
 15313 | Lair:2   | Found a staircase to the Swamp.
 16848 | Lair:3   | Reached skill level 11 in Spellcasting
 17852 | Lair:4   | Reached XP level 14. HP: 55/106 MP: 13/29
 18088 | Lair:4   | Found a dark tunnel.
 18174 | Volcano  | Entered a volcano
 18188 | Volcano  | Noticed a stone giant
 18205 | Volcano  | Killed a stone giant
 18359 | Volcano  | Reached skill level 10 in Dodging
 18546 | Lair:4   | Offered knowledge of Iskenderun's Battlesphere by Vehumet.
 19345 | Lair:4   | Reached skill level 10 in Stealth
 20047 | Lair:5   | Reached skill level 10 in Invocations
 20237 | Lair:5   | Noticed Josephine
 20278 | Lair:5   | Killed Josephine
 21518 | Lair:5   | Got a crystal great sword
 21519 | Lair:5   | Identified the +7 great sword of Ancient Evil {speed,
                  | Stlth+} (You found it on level 5 of the Lair of Beasts)
 21691 | Lair:6   | Entered Level 6 of the Lair of Beasts
 21708 | Lair:6   | Noticed an entropy weaver
 21962 | Lair:5   | Reached XP level 15. HP: 101/114 MP: 21/30
 22121 | Lair:6   | Offered knowledge of Conjure Ball Lightning by Vehumet.
 23452 | Lair:6   | Found a staircase to the Slime Pits.
 23906 | Lair:6   | Reached skill level 12 in Spellcasting
 24227 | Lair:6   | Found a burning altar of Makhleb.
 24238 | Lair:6   | Reached skill level 10 in Fighting
 24238 | Lair:6   | Reached skill level 10 in Short Blades
 24238 | Lair:6   | Reached skill level 10 in Long Blades
 24238 | Lair:6   | Reached skill level 10 in Axes
 24238 | Lair:6   | Reached skill level 10 in Maces & Flails
 24238 | Lair:6   | Reached skill level 10 in Polearms
 24238 | Lair:6   | Reached skill level 10 in Staves
 24238 | Lair:6   | Reached skill level 10 in Slings
 24238 | Lair:6   | Reached skill level 10 in Bows
 24238 | Lair:6   | Reached skill level 10 in Crossbows
 24238 | Lair:6   | Reached skill level 10 in Throwing
 24238 | Lair:6   | Reached skill level 10 in Armour
 24238 | Lair:6   | Reached skill level 10 in Shields
 24238 | Lair:6   | Reached skill level 10 in Unarmed Combat
 24238 | Lair:6   | Reached skill level 10 in Evocations
 24460 | Lair:6   | Offered knowledge of Iron Shot by Vehumet.
 24496 | Lair:6   | Found a gateway to Hell.
 24712 | Lair:6   | Learned a level 6 spell: Iron Shot
 25819 | D:12     | Noticed Rupert
 25821 | D:12     | Paralysed by Rupert for 2 turns
 26370 | D:12     | Killed Rupert
 26615 | D:12     | Found Gunyqoil's General Store.
 26676 | D:12     | Found a shadowy altar of Dithmenos.
 26890 | D:12     | Found a staircase to the Orcish Mines.
 27009 | D:12     | Got a faintly humming cloak
 27020 | D:12     | Identified the +1 cloak of Loss {rN++ MR+ Int+4} (You found
                  | it on level 12 of the Dungeon)
 27151 | Orc:1    | Entered Level 1 of the Orcish Mines
 27242 | Orc:1    | Noticed Nergalle
 27247 | Orc:1    | Killed Nergalle
 27420 | Orc:1    | You fall into a shaft and drop 1 floor!
 27420 | Orc:2    | Entered Level 2 of the Orcish Mines
 27420 | Orc:2    | Found Wisical's Book Shop.
 27470 | Orc:2    | Reached XP level 16. HP: 114/122 MP: 32/32
 27499 | Orc:2    | Found Ackazav's Armour Shoppe.
 27623 | Orc:2    | Found a roughly hewn altar of Beogh.
 27648 | Orc:2    | Reached ****** piety under Vehumet
 27648 | Orc:2    | Offered knowledge of Poison Arrow by Vehumet.
 27863 | Orc:2    | Found a staircase to the Elven Halls.
 28026 | Orc:2    | Found Sausmil's Book Emporium.
 28595 | Orc:2    | Found Gafap's Book Shoppe.
 28595 | Orc:2    | Found Akhlel's Gadget Shop.
 28943 | Orc:1    | Paralysed by an orc sorcerer for 2 turns
 29474 | D:13     | Noticed Nessos
 29527 | D:13     | Found a gate to the Vaults.
 29616 | D:13     | Killed Nessos
 29688 | D:13     | Noticed Erolcha
 29690 | D:13     | Killed Erolcha
 30585 | D:14     | Offered knowledge of Bolt of Fire by Vehumet.
 31660 | D:15     | Entered Level 15 of the Dungeon
 31660 | D:15     | Noticed Azrael
 32260 | D:14     | Killed Azrael
 32448 | D:15     | Found Dayte's Gadget Boutique.
 33675 | D:15     | Noticed a storm dragon
 33954 | D:15     | Found a staircase to the Depths.
 34182 | Spider:1 | Entered Level 1 of the Spider Nest
 34924 | Spider:1 | Reached XP level 17. HP: 105/131 MP: 33/33
 34931 | Spider:1 | Offered knowledge of Lehudib's Crystal Spear by Vehumet.
 34931 | Spider:1 | Offered knowledge of Shatter by Vehumet.
 34931 | Spider:1 | Offered knowledge of Tornado by Vehumet.
 35145 | Spider:1 | Got a fine leather armour
 35156 | Spider:1 | Identified the +2 leather armour of Saxas Nives {rN+ rCorr
                  | Dex-3} (You found it on level 1 of the Spider Nest)
 35583 | Spider:1 | Identified Roxanne's Collected Works on Transformation
 35583 | Spider:1 | Noticed Roxanne
 35587 | Spider:1 | Killed Roxanne
 35587 | Spider:1 | Reached skill level 13 in Spellcasting
 37013 | Spider:3 | Reached skill level 10 in Conjurations
 37013 | Spider:3 | Reached skill level 10 in Summonings
 37013 | Spider:3 | Reached skill level 10 in Translocations
 37097 | Spider:4 | Entered Level 4 of the Spider Nest
 37098 | Spider:4 | Noticed Nikola
 37120 | Spider:4 | Killed Nikola
 37640 | Spider:4 | Noticed Agnes
 37947 | Spider:3 | HP: 5/131 [poisoned by a wolf spider]
 37948 | Spider:3 | HP: 1/131 [wolf spider (13)]
 38375 | Spider:3 | Killed Agnes
 38598 | Spider:4 | Found a runed translucent gate.
 38598 | Spider:4 | Found a runed translucent gate.
 38598 | Spider:4 | Found a runed translucent gate.
 38599 | Spider:4 | Noticed Peloso's ghost (adept MiFi)
 39091 | Spider:4 | Reached skill level 10 in Hexes
 39091 | Spider:4 | Reached skill level 10 in Charms
 39091 | Spider:4 | Reached skill level 10 in Necromancy
 39091 | Spider:4 | Reached skill level 10 in Transmutations
 39091 | Spider:4 | Reached skill level 10 in Fire Magic
 39091 | Spider:4 | Reached skill level 10 in Ice Magic
 39091 | Spider:4 | Reached skill level 10 in Air Magic
 39091 | Spider:4 | Reached skill level 10 in Earth Magic
 39091 | Spider:4 | Reached skill level 10 in Poison Magic
 39281 | Spider:4 | Reached XP level 18. HP: 104/139 MP: 3/35
 39763 | Spider:4 | Got a gossamer rune of Zot
 40035 | Swamp:1  | Entered Level 1 of the Swamp
 41722 | Swamp:2  | Noticed Louise
 41941 | Swamp:2  | Killed Louise
 44319 | Vaults:1 | Entered Level 1 of the Vaults
 44322 | Vaults:1 | Found Lisiosyg's Food Boutique.
 44730 | Swamp:4  | Entered Level 4 of the Swamp
 45090 | Swamp:4  | Noticed Aizul
 48295 | Swamp:4  | Killed Aizul
 48488 | Swamp:4  | Got a decaying rune of Zot
 48522 | Swamp:4  | Reached XP level 19. HP: 147/147 MP: 21/36
 49770 | Vaults:1 | Reached skill level 14 in Spellcasting
 50607 | Vaults:1 | Noticed Donald
 50625 | Vaults:1 | Killed Donald
 52467 | Vaults:2 | Mangled by a harpy

Levels and vault maps discovered:
D:1:      dpeg_arrival_connections, layout_basic, serial_park_tiny_pond
D:2:      layout_rooms, old_standard_altar, old_standard_altar,
          minmay_misc_feat_hallway
D:3:      layout_loops_ring, grunt_temple_overflow_open, grunt_dithmenos_smoke,
          nicolae_ru_the_path_less_chosen, uniq_natasha
D:4:      cheibrodos_fertilizer, layout_rooms, lemuel_doored_altar,
          trog_eyes_of_draining, minmay_temple_entry_butterflies,
          elyvilon_altar_1, uniq_duvessa, uniq_sigmund, uniq_robin
D:5:      layout_cave_pools, first_ration
D:6:      layout_basic, marbit_many_paths, basic_altar
D:7:      layout_basic, gammafunk_temple_overflow_statue, zaba_anthole,
          grunt_livestock, fedhas_altar_decomposition
D:8:      layout_cave_pools, basic_altar, uniq_harold, uniq_psyche,
          uniq_prince_ribbit1, uniq_erica
D:9:      minmay_imperfect_grid, layout_basic, nicolae_ashenzari_panopticon,
          serial_shops, nicolae_shop_trees, uniq_pikel, uniq_maurice
D:10:     layout_roguey, serial_shops, shop
D:11:     layout_gridville, uniq_sonja
D:12:     layout_loops_ring, hiddenorc1_lemuel, serial_shops, shop,
          lemuel_tele_altar, uniq_rupert
D:13:     layout_stronghold, david_vaults_4, serial_co_window_serial,
          co_window_corner_a, co_window_corner_a, co_window_paths_b,
          co_window_paths_b, co_window_corner_a, co_window_cross_1,
          co_window_paths_b, co_window_corner_a, co_window_corner_a,
          co_window_corner_ca, co_window_broadway_a, co_window_corner_b,
          co_window_broadway_b, co_window_of_opportunity_c, glass_columns_a,
          glass_columns_a, glass_columns_a, glass_columns_b, glass_columns_c,
          minmay_beelzebubs_servants, uniq_erolcha, uniq_nessos
D:14:     layout_stronghold, serial_column_ruins,
          column_ruins_corridor_dead_end, column_ruins_open_tiny,
          column_ruins_corridor_dead_end, column_ruins_grid_2,
          column_ruins_grid_3, column_ruins_columns_corner, kennysheep_boxes
D:15:     gammafunk_enter_depths_forms, layout_stronghold, serial_shops,
          nicolae_shop_behind_doors, corexii_corridor_pit, hex_large,
          st_stairs_4, uniq_azrael
Temple:   dpeg_three_leaves_temple
Lair:1:   layout_regular_city
Lair:2:   layout_layer_cave, minmay_swamp_entry_worms,
          spider_nest_entry_funnel_web
Lair:3:   layout_cave_pods
Lair:4:   layout_small_grid, enter_volcano_1, kilobyte_rumbling_trees,
          lemuel_fruit_tree, minmay_lair_oklob_chamber
Lair:5:   layout_misc_corridors, special_room [special_room_bee],
          bobbens_dragon_lair_wall, grunt_megastairs_2, uniq_josephine
Lair:6:   evil_forest, layout_big_grid, minmay_slime_entry_jelly_boxes,
          wad_woods_antlair
Swamp:1:  layout_falls_marsh, nicolae_swamp_round_clearing
Swamp:2:  layout_falls_marsh, evilmike_swamp_ruin_house_3, swamp_pool1,
          uniq_louise
Swamp:3:  layout_falls_marsh, nicolae_swamp_orc_logging_accident
Swamp:4:  swamp_alternative, layout_basic_swamp, swamp_pool2, uniq_aizul
Spider:1: layout_spider_delve, uniq_roxanne
Spider:2: layout_spider_delve
Spider:3: layout_spider_delve, special_room, drop_trap, nicolae_spider_nook
Spider:4: spider_rune_water, ebering_ghost_rock_garden, uniq_agnes, uniq_nikola
Orc:1:    layout_caves, mines2_lemuel, uniq_nergalle
Orc:2:    st_orc_town, layout_caves, serial_shops, shop
Vaults:1: nicolae_vaults_border_crossing, v_misc_10,
          ontoclasm_vaults_decontamination, nicolae_vaults_circle_grid_a,
          vaults_dpeg_hooks, vaults_dpeg_cross, ontoclasm_vaults_gateway,
          v_misc_4, ontoclasm_vaults_shuriken, layout_vaults_quadrants,
          serial_shops, nicolae_shop_behind_doors, uniq_donald
Vaults:2: minmay_crypt_entry_simple_round, v_misc_2, v_misc_14, v_misc_29,
          vaults_room_pools, ontoclasm_vaults_idyll,
          nicolae_vaults_three_branches, hangedman_vaults_stitches,
          nicolae_vaults_quartermaster, grunt_vaults_hallway_short,
          vaults_mumra_minichess_inversion, v_misc_14, layout_vaults_big_room

Skill      XL: |  1  2  3  4  5  6  7  8  9 10 11 12 13 14 15 16 17 18 19 |
---------------+----------------------------------------------------------+-----
Conjurations   | 2 3 4 5 6 7 8 9 10 11 | 11.2
Summonings     | 2 3 4 5 6 7 8 9 10 11 | 11.2
Translocations | 2 3 4 5 6 7 8 9 10 11 | 11.2
Invocations    | 1 2 3 4 5 6 7 8 9 10 11 12 13 | 13.8
Fighting       | 1 2 3 4 5 6 7 8 9 10 11 12 | 12.8
Short Blades   | 1 2 3 4 5 6 7 8 9 10 11 12 | 12.8
Long Blades    | 1 2 3 4 5 6 7 8 9 10 11 12 | 12.8
Axes           | 1 2 3 4 5 6 7 8 9 10 11 12 | 12.8
Maces & Flails | 1 2 3 4 5 6 7 8 9 10 11 12 | 12.8
Polearms       | 1 2 3 4 5 6 7 8 9 10 11 12 | 12.8
Staves         | 1 2 3 4 5 6 7 8 9 10 11 12 | 12.8
Slings         | 1 2 3 4 5 6 7 8 9 10 11 12 | 12.8
Bows           | 1 2 3 4 5 6 7 8 9 10 11 12 | 12.8
Crossbows      | 1 2 3 4 5 6 7 8 9 10 11 12 | 12.8
Throwing       | 1 2 3 4 5 6 7 8 9 10 11 12 | 12.8
Armour         | 1 2 3 4 5 6 7 8 9 10 11 12 | 12.8
Shields        | 1 2 3 4 5 6 7 8 9 10 11 12 | 12.8
Unarmed Combat | 1 2 3 4 5 6 7 8 9 10 11 12 | 12.8
Evocations     | 1 2 3 4 5 6 7 8 9 10 11 12 | 12.8
Hexes          | 1 2 3 4 5 6 7 8 9 10 11 | 11.0
Charms         | 1 2 3 4 5 6 7 8 9 10 11 | 11.0
Necromancy     | 1 2 3 4 5 6 7 8 9 10 11 | 11.0
Transmutations | 1 2 3 4 5 6 7 8 9 10 11 | 11.0
Fire Magic     | 1 2 3 4 5 6 7 8 9 10 11 | 11.0
Ice Magic      | 1 2 3 4 5 6 7 8 9 10 11 | 11.0
Air Magic      | 1 2 3 4 5 6 7 8 9 10 11 | 11.0
Earth Magic    | 1 2 3 4 5 6 7 8 9 10 11 | 11.0
Poison Magic   | 1 2 3 4 5 6 7 8 9 10 11 | 11.0
Dodging        | 5 6 7 8 9 10 11 12 13 | 13.5
Stealth        | 5 6 7 8 9 10 11 12 13 | 13.4
Spellcasting   | 8 9 10 11 12 13 14 | 14.3

Action                   |  1- 3 |  4- 6 |  7- 9 | 10-12 | 13-15 | 16-18 | 19-21 || total
-------------------------+-------+-------+-------+-------+-------+-------+-------++-------
Melee: Spear             |    49 |    33 |   205 |   695 |   374 |       |       ||  1356
       Bite              |     2 |     6 |    30 |    73 |    68 |    82 |    36 ||   297
       Short sword       |       |    18 |   147 |       |       |       |       ||   165
       Punch             |       |       |     9 |    18 |     7 |       |       ||    34
       Rapier            |       |       |    21 |       |       |       |       ||    21
       Great sword       |       |       |       |       |   226 |   508 |       ||   734
       Eveningstar       |       |       |       |       |       |   162 |   229 ||   391
Throw: Dart              |       |    20 |    16 |    37 |    11 |       |       ||    84
 Cast: Magic Dart        |    58 |    73 |   195 |   136 |     1 |       |       ||   463
       Mephitic Cloud    |       |     6 |    20 |    40 |    39 |    12 |    10 ||   127
       Blink             |       |     1 |     3 |    20 |    48 |    30 |     7 ||   109
       Conjure Flame     |       |       |     1 |     2 |       |       |       ||     3
       Olgreb's Toxic Ra |       |       |       |    51 |    58 |    81 |    16 ||   206
       Throw Icicle      |       |       |       |   106 |   513 |   675 |   150 ||  1444
       Lee's Rapid Decon |       |       |       |     6 |    13 |    25 |    14 ||    58
       Summon Ice Beast  |       |       |       |     1 |       |     1 |       ||     2
       Fireball          |       |       |       |       |    15 |    10 |     1 ||    26
       Iron Shot         |       |       |       |       |     1 |    51 |     9 ||    61
Evoke: Wand              |       |       |       |     4 |    15 |    20 |     4 ||    43
       Lightning rod     |       |       |       |     1 |     1 |     3 |     2 ||     7
  Use: Scroll            |       |       |     7 |    11 |     7 |    14 |     2 ||    41
       Potion            |       |       |       |       |     1 |     5 |       ||     6
 Stab: Sleeping          |     2 |     2 |     7 |    11 |     4 |     3 |       ||    29
       Confused          |       |     2 |    20 |    27 |    24 |     1 |     6 ||    80
       Paralysed         |       |       |       |     3 |     6 |     3 |     1 ||    13
       Distracted        |       |       |       |       |     1 |     1 |       ||     2
  Eat: Chunk             |     1 |     5 |    15 |    18 |    35 |    55 |    14 ||   143
       Ration            |       |       |       |     2 |     3 |     6 |       ||    11
Armor: Robe              |    10 |     3 |    45 |   106 |     5 |       |       ||   169
       Acid dragon scale |       |       |       |       |    35 |       |       ||    35
       Steam dragon scal |       |       |       |       |    85 |   236 |    49 ||   370
       Leather armour    |       |       |       |       |    11 |       |       ||    11
Dodge: Dodged            |    35 |    37 |   174 |   425 |   440 |   682 |   164 ||  1957
Block: Other             |       |       |       |     7 |    71 |    97 |       ||   175
       Reflection        |       |       |       |       |     2 |    14 |    27 ||    43
       Shield            |       |       |       |       |       |   201 |   223 ||   424
       Rpst.: Great sword |       |       |       |       |    41 |    94 |       ||   135
